[Event "Orbis-2 IM 2019"]
[Site "Paracin"]
[Date "2019.07.13"]
[Round "1.5"]
[White "Zlatanovic, Boroljub"]
[Black "Chen, Peng"]
[Result "1/2-1/2"]
[ECO "A19"]
[WhiteElo "2371"]
[BlackElo "2328"]
[Annotator "NA"]
[PlyCount "60"]
[EventDate "2019.07.13"]
[EventType "tourn"]
[EventCountry "SRB"]
[SourceTitle "playchess.com"]
[Source "ChessBase"]
[SourceQuality "1"]
[TimeControl "40/5400+30:1800+30"]

1. c4 Nf6 2. Nc3 e6 3. e4 c5 4. f4 Nc6 5. Nf3 d5 6. e5 d4 7. exf6 dxc3 8. fxg7 cxd2+ 9. Qxd2 Bxg7 10. Qxd8+ Nxd8 11. Ne5 b6 12. Be2 Bb7 13. O-O Rg8 14. Rf2 f6 15. Bh5+ Ke7 16. Nf3 f5 17. Be3 Nc6 18. Re2 Nd4 19. Bxd4 Bxd4+ 20. Kf1 h6 21. Nxd4 cxd4 22. Rd1 Rad8 23. Red2 d3 24. Bf3 Bxf3 25. gxf3 Rd4 26. Rxd3 Rxc4 27. Rd7+ Kf6 28. Rh7 Rg6 29. Rxa7 Rxf4 30. Ra3 Ke5 1/2-1/2

[Event "Orbis-2 IM 2019"]
[Site "Paracin"]
[Date "2019.07.14"]
[Round "2.1"]
[White "Raghavi, N.."]
[Black "Chen, Peng"]
[Result "0-1"]
[ECO "B50"]
[WhiteElo "2290"]
[BlackElo "2328"]
[Annotator "ChessBase"]
[PlyCount "58"]
[EventDate "2019.07.13"]
[EventType "tourn"]
[EventCountry "SRB"]
[SourceTitle "playchess.com"]
[Source "ChessBase"]
[SourceQuality "1"]
[TimeControl "40/5400+30:1800+30"]

1. e4 c5 2. Nf3 d6 3. Nc3 Nf6 4. e5 dxe5 5. Nxe5 a6 6. g3 Qc7 7. d4 cxd4 8. Qxd4 Nc6 9. Nxc6 Qxc6 10. Bg5 e5 11. Qxe5+ Be6 12. O-O-O Be7 13. Bd3 Rc8 14. Kb1 h6 15. Bc1 O-O 16. Bf5 Bb4 17. Bxe6 fxe6 18. f4 Bxc3 19. Qxc3 Qxc3 20. bxc3 Ne4 21. Rd4 Nxc3+ 22. Kb2 Rf5 23. Rb4 b5 24. Be3 a5 25. Rb3 b4 26. a3 Rd5 27. axb4 axb4 28. Re1 Rc4 29. Bb6 Na4+ 0-1

[Event "Orbis-2 IM 2019"]
[Site "Paracin"]
[Date "2019.07.14"]
[Round "2.2"]
[White "Dedebas, Emre Emin"]
[Black "Zlatanovic, Boroljub"]
[Result "1/2-1/2"]
[ECO "A40"]
[WhiteElo "2301"]
[BlackElo "2371"]
[Annotator "ChessBase"]
[PlyCount "78"]
[EventDate "2019.07.13"]
[EventType "tourn"]
[EventCountry "SRB"]
[SourceTitle "playchess.com"]
[Source "ChessBase"]
[SourceQuality "1"]
[TimeControl "40/5400+30:1800+30"]

1. d4 g6 2. e4 c6 3. Nc3 d6 4. Nf3 Bg4 5. Be2 Bg7 6. O-O e6 7. h3 Bxf3 8. Bxf3 Ne7 9. Ne2 O-O 10. c3 Nd7 11. Ng3 e5 12. dxe5 dxe5 13. Be2 Nc8 14. Bc4 Ncb6 15. Bb3 Nc5 16. Be3 Qe7 17. Qe2 Rad8 18. Rfd1 h5 19. Bxc5 Qxc5 20. Rxd8 Rxd8 21. Rd1 Qe7 22. Nf1 Bh6 23. Nh2 Rxd1+ 24. Qxd1 Qd7 25. Qe2 Kg7 26. Nf3 Qd6 27. g3 Nd7 28. Kg2 b5 29. h4 Nc5 30. Bc2 a5 31. b4 axb4 32. cxb4 Nd7 33. a3 Nb6 34. Bb3 Bc1 35. Qa2 f6 36. Bg8 Qf8 37. Bb3 Qd6 38. Bg8 Qf8 39. Bb3 Qd6 1/2-1/2

[Event "Orbis-2 IM 2019"]
[Site "Paracin"]
[Date "2019.07.14"]
[Round "2.3"]
[White "Abramovic, Bosko"]
[Black "Patil, Mitali"]
[Result "1-0"]
[ECO "D02"]
[WhiteElo "2373"]
[BlackElo "2009"]
[Annotator "ChessBase"]
[PlyCount "83"]
[EventDate "2019.07.13"]
[EventType "tourn"]
[EventCountry "SRB"]
[SourceTitle "playchess.com"]
[Source "ChessBase"]
[SourceQuality "1"]
[TimeControl "40/5400+30:1800+30"]

1. Nf3 d5 2. d4 Nf6 3. g3 e6 4. Bg2 Be7 5. O-O Nbd7 6. Nbd2 O-O 7. Re1 b6 8. e4 c6 9. c3 Bb7 10. e5 Ne8 11. h4 c5 12. Nf1 b5 13. h5 h6 14. N1h2 Nc7 15. Bf4 Re8 16. Ng4 Bf8 17. Qd2 a5 18. Bf1 c4 19. Ngh2 Be7 20. g4 Nf8 21. g5 hxg5 22. Nxg5 Nh7 23. Nxh7 Kxh7 24. Be2 Rh8 25. Kh1 Kg8 26. Rg1 Kf8 27. Rg2 Ne8 28. Rag1 f6 29. h6 g5 30. exf6 Bxf6 31. Bxg5 Bc6 32. Bxf6 Qxf6 33. Rg6 Qf5 34. R1g5 Qxf2 35. Ng4 Qg3 36. Ne5 Qh4+ 37. Kg1 Nd6 38. Rg4 Qh3 39. Qf4+ Ke8 40. Rg8+ Rxg8 41. Rxg8+ Ke7 42. Qg5# 1-0

[Event "Orbis-2 IM 2019"]
[Site "Paracin"]
[Date "2019.07.14"]
[Round "2.4"]
[White "Munshi, Aditya"]
[Black "Pikula, Dejan"]
[Result "0-1"]
[ECO "B00"]
[WhiteElo "2125"]
[BlackElo "2447"]
[Annotator "NA"]
[PlyCount "156"]
[EventDate "2019.07.13"]
[EventType "tourn"]
[EventCountry "SRB"]
[SourceTitle "playchess.com"]
[Source "ChessBase"]
[SourceQuality "1"]
[TimeControl "40/5400+30:1800+30"]

1. e4 d6 2. d4 g6 3. Bc4 Bg7 4. Nf3 e6 5. Bb3 Ne7 6. O-O b6 {B06: Modern Defence} 7. Re1 h6 8. c3 Nd7 9. Nbd2 Bb7 10. Nf1 a6 11. Ng3 c6 $146 ({Predecessor:} 11... Nf6 12. h3 Qc8 13. Bc2 Bc6 {½-½ (61) Fressinet,L (2712)-Shoker,S (2484) Montpellier 2015}) 12. Be3 Qc7 13. a4 c5 14. h4 c4 15. Bc2 d5 16. e5 O-O-O 17. b3 Kb8 18. Bc1 cxb3 19. Bxb3 Nc6 20. Ba2 Na5 21. Re3 Bf8 22. Nd2 Be7 23. h5 g5 24. Bb2 Ka7 25. Qe2 Rc8 26. Bb1 Nb8 27. Bd3 Qd7 28. Bc2 Rc7 29. Qf3 Rf8 30. Qe2 Rfc8 31. Qd3 Bf8 32. Bb1 Nbc6 33. Qe2 Nd8 34. Qd3 Nc4 35. Nxc4 Rxc4 36. Bc2 R4c7 37. Bb3 Nc6 38. Ne2 Na5 39. Nc1 Qe8 40. Rh3 Be7 41. Qd1 Nxb3 42. Nxb3 a5 43. Nd2 Ba6 44. Qg4 Rc6 45. Re3 R8c7 46. Rae1 Bc8 47. Qe2 Bd7 48. Ba1 $17 (48. Ra1 $11 {keeps the balance.}) 48... Rc8 49. Qd3 R6c7 50. Qh7 Bf8 51. Rf1 Bxa4 52. Qh8 Bc2 53. Qf6 Bf5 54. c4 dxc4 55. d5 Be7 56. Qxh6 exd5 57. Bd4 Rc6 58. Qg7 Qf8 59. Qxf8 Rxf8 60. f3 Ka6 61. g4 Bd3 62. Rc1 Rfc8 63. h6 Bh7 64. Nb1 Bxb1 65. Rxb1 Rxh6 66. e6 Rxe6 67. Rxe6 fxe6 68. Rxb6+ Ka7 69. Rb5+ Ka8 70. Rxa5+ Kb8 71. Be5+ Kb7 72. Bd4 Kc6 73. Ra6+ Kd7 74. Ra7+ Rc7 75. Ra1 Bd6 76. Re1 c3 77. Rc1 c2 78. Kf1 Bf4 0-1

[Event "Orbis-2 IM 2019"]
[Site "Paracin"]
[Date "2019.07.14"]
[Round "2.5"]
[White "Liu, Zhaoqi"]
[Black "Manish Anto Cristiano F"]
[Result "1/2-1/2"]
[ECO "A36"]
[WhiteElo "2386"]
[BlackElo "2208"]
[Annotator "NA"]
[PlyCount "250"]
[EventDate "2019.07.13"]
[EventType "tourn"]
[EventCountry "SRB"]
[SourceTitle "playchess.com"]
[Source "ChessBase"]
[SourceQuality "1"]
[TimeControl "40/5400+30:1800+30"]

1. c4 c5 2. Nc3 Nc6 3. g3 g6 4. Bg2 Bg7 5. a3 e6 6. Rb1 a5 7. e4 Nge7 8. Nge2 O-O 9. d3 d6 10. O-O Nd4 11. Nxd4 cxd4 12. Ne2 a4 13. b4 axb3 $1 14. Qxb3 {[%emt 0:00:05] A36: Symmetrical English vs ...g6: 4 Bg2 Bg7} Kh8 $146 ({Predecessor:} 14... Nc6 15. Bd2 e5 16. f4 f5 17. Ra1 Kh8 18. Rfb1 Qc7 19. Nc1 {½-½ (19) Nake,M (2190)-Mertens,F (2132) Germany 2015}) 15. Bg5 h6 16. Bd2 Bd7 17. Qxb7 Rxa3 18. Qb2 Rxd3 19. Nf4 Rxd2 20. Qxd2 Nc6 21. Nd3 Kh7 22. c5 Qe7 23. Qc2 Rc8 24. f4 e5 25. cxd6 Qxd6 26. Qc5 Qxc5 27. Nxc5 Bg4 28. Bf3 Bxf3 29. Rxf3 f5 30. Re1 exf4 31. gxf4 Nb4 32. Ne6 fxe4 33. Rxe4 Bf6 34. Ra3 Nd5 35. Ra7+ Kg8 36. Nc5 Bg7 37. Nd3 Rc3 38. Re8+ Kh7 39. Rd8 Ne3 40. Rxd4 g5 41. Rdd7 Nf5 42. Rac7 Rxc7 43. Rxc7 Kg6 44. Ne5+ Kf6 45. Ng4+ Kg6 46. Rc6+ Kh5 47. Nf6+ Kh4 48. Rc5 Bxf6 49. Rxf5 Bd4+ 50. Kg2 Be3 51. fxg5 hxg5 52. Rf8 g4 53. Rh8+ Kg5 54. Kf1 Bf4 55. Kf2 Be5 56. Rg8+ Kf5 57. Kg2 Bd6 58. Ra8 Be5 $16 59. Ra5 Ke4 60. Ra2 Kf5 61. Kf1 Bf4 62. Rg2 Bb8 63. Ke2 Bc7 64. Kd3 Kf4 65. Rf2+ Kg5 66. Rc2 Bd6 67. Ke4 Bb8 68. Rf2 Kh4 69. Rb2 Bc7 70. Kf5 Kh3 71. Rb3+ Kg2 72. Kxg4 Bxh2 73. Rb1 Bg1 74. Rb2+ Kh1 75. Kg3 Bc5 76. Rh2+ Kg1 77. Rh5 Bd6+ 78. Kf3 Bh2 79. Kg4 Kg2 80. Ra5 Bg1 81. Ra2+ Kh1 82. Kg3 Bb6 83. Rh2+ Kg1 84. Rh7 Bc5 85. Kf3 Bd6 86. Rd7 Bb8 87. Rd1+ Kh2 88. Kf2 Ba7+ 89. Kf1 Kh1 90. Rd7 Bg1 91. Rg7 Bh2 92. Kf2 Bd6 93. Rg1+ Kh2 94. Rc1 Bg3+ 95. Kf3 Bb8 96. Rc8 Bd6 97. Rg8 Kh1 98. Kf2 Bc5+ 99. Kg3 Bd6+ 100. Kh3 Bh2 101. Ra8 Bg1 102. Kg3 Bh2+ 103. Kf3 Bg1 104. Ke2 Kg2 105. Rh8 Bh2 106. Rg8+ Kh1 107. Kf2 Bd6 108. Rg1+ Kh2 109. Rc1 Bg3+ 110. Kf3 Bb8 111. Ra1 Bc7 112. Rb1 Bd6 113. Rb2+ Kh1 114. Rc2 Bh2 115. Rg2 Bg1 116. Kg3 Ba7 117. Rh2+ Kg1 118. Ra2 Bb8+ 119. Kh3 Be5 120. Re2 Bd4 121. Rd2 Be5 122. Rd1+ Kf2 123. Kg4 Bh2 124. Rd2+ Kg1 125. Rxh2 Kxh2 1/2-1/2

[Event "Orbis-2 IM 2019"]
[Site "Paracin"]
[Date "2019.07.16"]
[Round "5.1"]
[White "Pikula, Dejan"]
[Black "Raghavi, N.."]
[Result "1-0"]
[ECO "D00"]
[WhiteElo "2447"]
[BlackElo "2290"]
[Annotator "ChessBase"]
[PlyCount "91"]
[EventDate "2019.07.13"]
[EventType "tourn"]
[EventCountry "SRB"]
[SourceTitle "playchess.com"]
[Source "ChessBase"]
[SourceQuality "1"]
[TimeControl "40/5400+30:1800+30"]

1. d4 d5 2. Bf4 Nf6 3. e3 c5 4. c3 Nc6 5. Nd2 Bf5 6. Qb3 Qc8 7. dxc5 e5 8. Bg3 Bxc5 9. Ngf3 e4 10. Nd4 Nxd4 11. cxd4 Bb6 12. Bd6 Qe6 13. Bb4 a6 14. h3 O-O-O 15. Qa3 Rd7 16. Nb3 Rc7 17. Be2 Rc6 18. Bc5 Nd7 19. Rc1 Kb8 20. Rc3 Rhc8 21. Kd2 Bc7 22. Rhc1 Nxc5 23. Nxc5 Qd6 24. b4 Rb6 25. Qb3 Qd8 26. a4 Rd6 27. a5 Rg6 28. g4 Bd7 29. Qxd5 Bc6 30. Qxd8 Bxd8 31. Ke1 Be7 32. Kf1 Ka7 33. Bc4 Rf8 34. d5 Be8 35. Rb3 f5 36. Ne6 Rff6 37. b5 axb5 38. Bxb5 Bxb5+ 39. Rxb5 fxg4 40. hxg4 Bd6 41. Rcb1 Rf7 42. Nd8 Rd7 43. Rxb7+ Rxb7 44. Rxb7+ Ka6 45. Rb6+ Kxa5 46. Rxd6 1-0

[Event "Orbis-2 IM 2019"]
[Site "Paracin"]
[Date "2019.07.16"]
[Round "5.2"]
[White "Patil, Mitali"]
[Black "Manish Anto Cristiano F"]
[Result "0-1"]
[ECO "C01"]
[WhiteElo "2009"]
[BlackElo "2208"]
[Annotator "NA"]
[PlyCount "68"]
[EventDate "2019.07.13"]
[EventType "tourn"]
[EventCountry "SRB"]
[SourceTitle "playchess.com"]
[Source "ChessBase"]
[SourceQuality "1"]
[TimeControl "40/5400+30:1800+30"]

1. e4 e6 2. d4 d5 3. exd5 exd5 4. c4 Nf6 5. Nc3 Bb4 6. Nf3 O-O 7. Bd3 dxc4 8. Bxc4 Bg4 9. Be3 Nc6 10. O-O Rb8 11. Be2 Nd5 12. Qb3 Be6 13. Qc2 h6 14. Rad1 Re8 15. a3 Bd6 16. Rfe1 Na5 17. Nd2 Qh4 18. g3 Nxe3 19. fxe3 Bxg3 20. hxg3 Qxg3+ 21. Kh1 Qh3+ 22. Kg1 Qxe3+ 23. Kh1 Qh3+ 24. Kg1 Qg3+ 25. Kh1 Qh4+ 26. Kg1 Bh3 27. Nce4 f5 28. Bf3 fxe4 29. Rxe4 Rxe4 30. Bxe4 Rf8 31. Nc4 Nxc4 32. Qxc4+ Kh8 33. Qd3 Rf4 34. Bxb7 Rg4+ {[%emt 0:00:09] Ra1} 0-1

[Event "Orbis-2 IM 2019"]
[Site "Paracin"]
[Date "2019.07.16"]
[Round "5.4"]
[White "Chen, Peng"]
[Black "Munshi, Aditya"]
[Result "1-0"]
[ECO "B10"]
[WhiteElo "2328"]
[BlackElo "2125"]
[Annotator "NA"]
[PlyCount "59"]
[EventDate "2019.07.13"]
[EventType "tourn"]
[EventCountry "SRB"]
[SourceTitle "playchess.com"]
[Source "ChessBase"]
[SourceQuality "1"]
[TimeControl "40/5400+30:1800+30"]

1. e4 c6 2. Nf3 d5 3. exd5 cxd5 4. Ne5 Nc6 5. d4 Nf6 6. c3 e6 7. Bd3 Qc7 8. f4 g6 9. O-O Bg7 10. Nd2 O-O 11. Qe1 Nd7 12. Ndf3 Re8 13. Qh4 Qd8 14. Ng5 h6 15. Nexf7 hxg5 16. fxg5 Qe7 17. Bxg6 Nf8 18. Nh6+ Bxh6 19. Bf7+ Qxf7 20. Rxf7 Kxf7 21. gxh6 Ng6 22. Qf2+ Ke7 23. Bg5+ Kd6 24. Qf7 Bd7 25. Qxg6 Ne7 26. Bxe7+ Rxe7 27. Rf1 Rh8 28. Rf7 Rxf7 29. Qxf7 Be8 30. Qg7 1-0

[Event "Orbis-2 IM 2019"]
[Site "Paracin"]
[Date "2019.07.16"]
[Round "5.5"]
[White "Dedebas, Emre Emin"]
[Black "Abramovic, Bosko"]
[Result "1/2-1/2"]
[ECO "D37"]
[WhiteElo "2301"]
[BlackElo "2373"]
[Annotator "ChessBase"]
[PlyCount "85"]
[EventDate "2019.07.13"]
[EventType "tourn"]
[EventCountry "SRB"]
[SourceTitle "playchess.com"]
[Source "ChessBase"]
[SourceQuality "1"]
[TimeControl "40/5400+30:1800+30"]

1. d4 Nf6 2. c4 e6 3. Nf3 d5 4. Nc3 Nbd7 5. Bf4 dxc4 6. e3 Nb6 7. Bxc4 Nxc4 8. Qa4+ c6 9. Qxc4 Nd5 10. O-O Nxf4 11. exf4 Be7 12. Rad1 O-O 13. Ne5 Qb6 14. Qe2 Qc7 15. Rfe1 f6 16. Nd3 Bd6 17. Qf3 Bd7 18. Nc5 Rae8 19. Nxd7 Qxd7 20. g3 Be7 21. Qe2 Bd8 22. Qc4 b5 23. Qb3 f5 24. a4 a6 25. Re2 g6 26. axb5 axb5 27. Na2 Ba5 28. Nc1 Re7 29. Nd3 Rd8 30. Ne5 Qd6 31. Rc1 Rc8 32. Rec2 Rec7 33. Qf3 Qxd4 34. Rxc6 Qd5 35. Rxc7 Rxc7 36. Rxc7 Bxc7 37. Qxd5 exd5 38. Kf1 Kf8 39. Ke2 Ke7 40. Kd3 Bb6 41. Nc6+ Kd6 42. Nd4 b4 {[%emt 0:25:14] Nb} 43. Nb5+ {Ke5} 1/2-1/2